 Dungeon Crawl Stone Soup version 0.17-a0-1230-g8afc29e (webtiles) character file.

45 Malachi the Vexing (level 3, 0/24 HPs)
             Began as a Vampire Enchanter on June 5, 2015.
             Succumbed to an adder's poison
             ... on level 2 of the Dungeon.
             The game lasted 00:02:35 (949 turns).

Malachi the Vexing (Vampire Enchanter)               Turns: 949, Time: 00:02:36

Health: 0/24       AC:  5    Str:  7    XL:     3   Next: 42%
Magic:  1/6        EV: 18    Int: 23    God:
Gold:   19         SH:  0    Dex: 19    Spells: 2 memorised, 3 levels left

rFire  . . .     SeeInvis +     a - +1 dagger
rCold  . . .     Clarity  .     b - +1 robe
rNeg   . . .     SustAt   .     (no shield)
rPois  .         Gourm    .     k - +0 helmet
rElec  .         Spirit   .     (no cloak)
rCorr  .         Warding  .     f - +0 pair of gloves
rMut   .         Stasis   .     (no boots)
MR     .....                    (no amulet)
Stlth  ++++......               (no ring)
                                (no ring)

@: brilliant, agile, lethally poisoned (0 -> -2), regenerating very quickly, not
resistant to hostile enchantments, stealthy
A: fangs 3, see invisible, unbreathing
a: no special abilities


You were on level 2 of the Dungeon.
You were almost alive.

You visited 1 branch of the dungeon, and saw 2 of its levels.

You collected 19 gold pieces.

Inventory:

Hand weapons
 a - a +1 dagger (weapon)
 l - a +1 dagger of holy wrath
Missiles
 i - 10 poisoned needles
Armour
 b - a +1 robe (worn)
 f - a +0 pair of gloves (worn)
 k - a +0 helmet (worn)
Scrolls
 h - a scroll of teleportation {unknown}
 j - 2 scrolls of remove curse {unknown}
 m - 2 scrolls of magic mapping {unknown}
 n - a scroll of blinking {unknown}
 o - 2 scrolls of immolation {unknown}
Potions
 e - a potion of brilliance
Books
 c - a book of Maledictions

   Spells                             Type                      Level
   a - Corona                         Hexes                        1
   b - Ensorcelled Hibernation        Hexes/Ice                    2
   c - Confuse                        Hexes                        3
   d - Tukima's Dance                 Hexes                        3
   e - Dazzling Spray                 Conjuration/Hexes            3


   Skills:
 + Level 0.1 Fighting
 + Level 1.3 Short Blades
 + Level 2.7 Dodging
 + Level 5.0 Stealth
 + Level 2.2 Spellcasting
 + Level 5.2 Hexes


You had 3 spell levels left.
You knew the following spells:

 Your Spells              Type           Power        Failure   Level  Hunger
a - Corona                Hex            #####..      1%          1    None
b - Ensorcelled Hibernat  Hex/Ice        ####..       1%          2    ##.....


Dungeon Overview and Level Annotations

Branches:
Dungeon (2/15)

Altars:


Innate Abilities, Weirdness & Mutations

Your natural rate of healing is extremely fast.
You have razor-sharp teeth.
You have supernaturally acute eyesight.
You can survive without breathing.


Message History

Casting: Ensorcelled Hibernation
Confirm with . or Enter, or press ? or * to list all spells.
Aiming: Ensorcelled Hibernation
Press: ? - help, Shift-Dir - straight line, f/p - adder
Aim: an adder (heavily wounded, softly glowing, chance to defeat MR: 66%)
The adder looks drowsy...
You are too injured to fight recklessly!
The helpless adder fails to defend itself.
You impale the adder!!
You kill the adder!
Your Stealth skill increases to level 5!
* * * LOW HITPOINT WARNING * * *
You feel sick.
* * * LOW HITPOINT WARNING * * *
You feel sick.
Drink which item? (? for menu, Esc to quit)
Yummy - fresh blood!
Drink which item? (? for menu, Esc to quit)
You feel more clever all of a sudden.
You die...

#.########
#........#
########.# #.#
######.######
#...........##
#............l
#..###.####.##
#. #@# # #
#††# #$## ..
... ..(. .....
##....


There were no monsters in sight!

Vanquished Creatures
  An adder (D:2)
  An ooze (D:1)
  A giant cockroach (D:1)
  8 jackals (D:2)
  6 kobolds
  A bat (D:2)
  2 giant geckos (D:2)
  A giant newt (D:2)
  5 goblins
  5 rats
31 creatures vanquished.

Notes
Turn   | Place    | Note
--------------------------------------------------------------
     0 | D:1      | Malachi the Vampire Enchanter began the quest for the Orb.
     0 | D:1      | Reached XP level 1. HP: 13/13 MP: 3/3
   275 | D:1      | Reached XP level 2. HP: 19/19 MP: 5/5
   766 | D:2      | Reached skill level 5 in Hexes
   815 | D:2      | Learned a level 2 spell: Ensorcelled Hibernation
   870 | D:2      | Reached XP level 3. HP: 24/24 MP: 4/6
   946 | D:2      | Reached skill level 5 in Stealth
   946 | D:2      | HP: 1/24 [poisoned by an adder]
   949 | D:2      | Succumbed to an adder's poison

Vault maps used:
D:1:      minmay_arrival_up_and_down

Action                   || total
-------------------------++-------
Melee: Dagger            ||   110
 Cast: Corona            ||    12
       Ensorcelled Hiber ||     2
  Use: Potion            ||     4
 Stab: Sleeping          ||     8
  Eat: Corpse            ||    10
